 Dungeon Crawl Stone Soup version 0.28.0-53-g5a82cb258f (webtiles) character file.

Game seed: 9881468694155771860

55 Stomo the Skirmisher (level 3, -6/31 HPs)
             Began as a Palentonga Fighter on July 15, 2022.
             Killed from afar by Natasha (9 damage)
             ... with a puff of flame
             ... on level 2 of the Dungeon on July 17, 2022.
             The game lasted 00:02:35 (852 turns).

Stomo the Skirmisher (Palentonga Fighter)            Turns: 852, Time: 00:02:36

Health: -6/31      AC:  6    Str: 21    XL:     3   Next: 67%
Magic:  3/3        EV:  7    Int:  8    God:
Gold:   67         SH:  8    Dex:  9    Spells: 2/2 levels left

rFire   . . .      SeeInvis +   a - +0 flail
rCold   . . .      Faith    .   c - +0 buckler
rNeg    . . .      Spirit   .   b - +0 scale mail
rPois   .          Reflect  .   (helmet restricted)
rElec   .          Harm     .   (no cloak)
rCorr   .          Rampage  .   (no gloves)
Will    .....      Rage     1%  (no barding)
Stlth   ..........              (no amulet)
HPRegen 0.10/turn               (no ring)
MPRegen 0.08/turn               (no ring)

@: no status effects
A: large, rugged brown scales 3, see invisible, deformed body, roll 1, armoured
tail, beak, large bone plates 1, berserk 1
a: Rolling Charge


You were on level 2 of the Dungeon.
You visited 1 branch of the dungeon, and saw 2 of its levels.

You collected 67 gold pieces.

Inventory:

Hand Weapons
 a - a +0 flail (weapon)
Armour
 b - a +0 scale mail (worn)
 c - a +0 buckler (worn)
Scrolls
 f - 2 scrolls of identify {unknown}
 g - a scroll of magic mapping {unknown}
 i - 3 scrolls of enchant weapon {unknown}
Potions
 d - a potion of might
 h - a potion of haste {unknown}


   Skills:
 + Level 3.4 Fighting
 + Level 2.5 Maces & Flails
 + Level 2.8 Armour
 + Level 0.6 Dodging
 + Level 2.8 Shields


You had 2 spell levels left.
You didn't know any spells.
Your spell library was empty.

Dungeon Overview and Level Annotations

Branches:
Dungeon (2/15)

Altars:

Shops:
D:1 [

Annotations:
D:2 Natasha


Innate Abilities, Weirdness & Mutations

You are completely covered in rugged brown scales. (AC +3, +7% HP)
You have supernaturally acute eyesight. (SInv)
Armour fits poorly on your strangely shaped body.
You can roll at nearby foes to attack.
You have a long armoured tail.
You have a beak for a mouth.
You are partially covered in large bone plates. (SH +4)
You tend to lose your temper in combat.


Message History

No target in view!
No target in view!
No target in view!
No target in view!
Found 7 arrows.
Found a stone staircase leading down.
There is a stone staircase leading down here.
Natasha, Servant of Life and Death comes into view.
She is carrying a wand of flame (12).
Found a leather armour.
Natasha hisses angrily.
Natasha is nearby!
Natasha is nearby!
Natasha is nearby!
Natasha is nearby!
There's nothing you can charge at!
Natasha zaps a wand.
The puff of flame hits you.
Unknown command.
There's nothing you can charge at!
Natasha stares at you and mumbles some strange words.
The magic dart hits you.
Roll where?
Press: ? - help, Q - select action Dir - move target, f - Natasha
Aim: Natasha, carrying a wand of flame (11)
You roll forward with a clatter of scales!
Found a scroll labelled AKOC HIQIGU and a scroll labelled PAV MOPEGITT.
You closely miss Natasha. Natasha claws you.
You barely miss Natasha. Natasha claws you!
* * * LOW HITPOINT WARNING * * *
Natasha claws you.
* * * LOW HITPOINT WARNING * * *
You miss Natasha. Natasha closely misses you.
Unknown command.
Unknown command.
It was a potion of mutation.
You feel extremely strange.
Your mouth lengthens and hardens into a beak!
You feel a little pissed off.
Large bone plates grow over parts of your arms.
Natasha zaps a wand.
The puff of flame hits you!
You die...

#...............)....#####.....
#.............##.....# #.....
#..............#.....# ###.....
####.................# ........
#......#..........# ........
#.....##......?.... ........
#.....##........... ........
#..... ####........ ........
#..... #@....[.. ........ ...
#h....... ........ .........
........ .......... ####...
?.......... #... ?..........#
#... #............ #...
#.......#.... #... ###...


You could see Natasha.

Vanquished Creatures
  A gnoll (D:1)
  3 worms (D:2)
  3 dart slugs
  7 bats
  3 endoplasms
  A giant cockroach (D:2)
  A hobgoblin (D:1)
  4 kobolds
  A quokka (D:1)
  4 frilled lizards
  5 rats
33 creatures vanquished.

Notes
Turn   | Place    | Note
-------+----------+-------------------------------------------
     0 | D:1      | Stomo the Palentonga Fighter began the quest for the Orb.
     0 | D:1      | Reached XP level 1. HP: 19/19 MP: 1/1
   132 | D:1      | Reached XP level 2. HP: 25/25 MP: 2/2
   178 | D:1      | Found Qefra's Antique Armour Shoppe.
   210 | D:1      | Found a faded altar of an unknown god.
   232 | D:1      | Reached XP level 3. HP: 29/31 MP: 3/3
   846 | D:2      | Noticed Natasha
   852 | D:2      | Gained mutation: You have a beak for a mouth. [potion of
                  | mutation]
   852 | D:2      | Gained mutation: You tend to lose your temper in combat.
                  | [potion of mutation]
   852 | D:2      | Gained mutation: You are partially covered in large bone
                  | plates. (SH +4) [potion of mutation]
   852 | D:2      | Killed from afar by Natasha

Illustrated notes

Levels and vault maps discovered:
D:1:      dpeg_arrival_line_fractal, layout_basic,
          shapermc_ecumenical_altar_starsandcircs, serial_shops,
          nicolae_shop_temple_entry_statues_fountains
D:2:      layout_basic, uniq_natasha

Action                   || total
-------------------------++-------
Melee: Flail             ||    82
       Tailslap          ||    11
 Abil: Rolling Charge    ||    25
  Use: Potion            ||     1
Armor: Scale mail        ||    44
Dodge: Dodged            ||    32
Block: Buckler           ||    12
